 Dungeon Crawl Stone Soup version 0.29-a0-551-gffc1d7fb78 (webtiles) character file.

Game seed: 15199277053601904777

103 enile the Ducker (level 5, -3/41 HPs)
             Began as a Meteoran Wanderer on June 6, 2022.
             Was a Believer of Hepliaklqana.
             Killed by divine providence
             ... invoked by an orc priest
              (9 damage)
             ... on level 3 of the Dungeon.
             The game lasted 00:03:51 (1396 turns).

enile the Ducker (Meteoran Wanderer)                Turns: 1396, Time: 00:03:52

Health: -3/41      AC:  3    Str: 15    XL:     5   Next: 29%
Magic:  8/8        EV: 14    Int: 12    God:    Hepliaklqana [**....]
Gold:   74         SH:  0    Dex: 15    Spells: 4/4 levels left

rFire   . . .      SeeInvis .   a - +0 quarterstaff
rCold   . . .      Faith    .   (shield currently unavailable)
rNeg    . . .      Spirit   .   c - +0 leather armour
rPois   .          Reflect  .   (no helmet)
rElec   .          Harm     .   (no cloak)
rCorr   .          Rampage  .   (no gloves)
Will    .....                   (no boots)
Stlth   +.........              g - amulet of magic regeneration
HPRegen 0.13/turn               (no ring)
MPRegen 0.51/turn               (no ring)

@: glowing
A: reduced essence, sense surroundings 1, otherworldly, glowing, explore regen
a: Renounce Religion, Recall Ancestor, Ancestor Identity


You were on level 3 of the Dungeon.
You worshipped Hepliaklqana.
Hepliaklqana was pleased with you.
You visited 1 branch of the dungeon, and saw 3 of its levels.

You collected 74 gold pieces.

Inventory:

Hand Weapons
 a - a +0 quarterstaff (weapon)
 k - a +0 flail
 l - a +0 hunting sling
Missiles
 b - 4 throwing nets
 o - an atropa-tipped dart (quivered)
Armour
 c - a +0 leather armour (worn)
Jewellery
 g - an amulet of magic regeneration (around neck)
Scrolls
 f - a scroll of enchant armour
 h - a scroll of blinking
 i - a scroll of immolation
 m - a scroll of summoning
 n - 2 scrolls of teleportation {unknown}
 p - a scroll of silence {unknown}
 s - a scroll of brand weapon {unknown}
 u - a scroll of amnesia {unknown}
Potions
 d - 2 potions of attraction
 t - a potion of haste {unknown}
 v - a potion of invisibility {unknown}
 w - a potion of berserk rage {unknown}


   Skills:
 - Level 4.0 Fighting
 - Level 3.6 Staves
 - Level 1.2 Armour
 - Level 6.0 Dodging
 + Level 3.1 Invocations


You had 4 spell levels left.
You didn't know any spells.
Your spell library was empty.

Dungeon Overview and Level Annotations

Branches:
Dungeon (3/15)

Altars:
Hepliaklqana


Innate Abilities, Weirdness & Mutations

Your life essence is reduced to manifest your ancestor. (-10% HP)
You passively map a small area around you.
You are easily found by Zot.
You glow in the dark.
You regain HP and MP as you explore.


Message History

Something hits you but does no damage.
You hit the orc priest but do no damage.
The orc priest is moderately wounded.
You hear some strange, mumbled words.
Something tries to affect you, but you resist.
The hobgoblin hits you but does no damage.
Something hits you.
The orc priest hits you but does no damage.
You catch the helpless orc priest completely off-guard!
You hit the orc priest but do no damage.
The orc priest is moderately wounded.
The hobgoblin hits you but does no damage.
You hear some strange, mumbled words.
You are confused.
The orc priest hits you but does no damage.
Something hits you but does no damage.
The orc priest hits you but does no damage.
Something hits you.
The hobgoblin hits you but does no damage.
Okay, then.
You feel very mighty all of a sudden.
The orc priest is no longer blind.
Something hits you but does no damage.
The hobgoblin hits you but does no damage.
You hear some strange, mumbled words.
You are more confused.
The orc priest hits you with a +0 dagger.
* * * LOW HITPOINT WARNING * * *
It was a potion of cancellation.
Your magical effects are unravelling.
You feel magically purged.
You feel less wooden.
Your +0 leather armour unmelds from your body.
You feel less confused.
You feel a little less mighty now. Something hits you.
* * * LOW HITPOINT WARNING * * *
The hobgoblin closely misses you. Something hits you.
* * * LOW HITPOINT WARNING * * *
The orc priest mumbles some strange prayers to Beogh against you.
Beogh smites you!
You die...

* #..####...#..#........ ,
#...P....##'##........ , ,
#........#.†#P........ *
#..####..#..#......... *,
* #..#).'..####.......(. *
#..#..#..)..#P........
#..####..#.[#......... **
#...{o...####......... **
#(..(@................ ,,
.......>g)).........###...
* * ..........##########
#... * ..........# #... ,
..........# #... *
####+###### ######... * ,*
#.# #........ ### * #.#
#........ ...# #.#
#........


You could see an orc priest and a hobgoblin.

Vanquished Creatures
  3 adders
  2 orcs (D:3)
  An endoplasm (D:1)
  2 giant cockroaches
  4 goblins
  6 hobgoblins
  3 jackals (D:1)
  A quokka (D:3)
  2 ball pythons (D:2)
  3 bats
  A kobold (D:3)
  5 rats (D:1)
33 creatures vanquished.

Vanquished Creatures (collateral kills)
  An adder (D:2)
  A worm (D:2)
  A dart slug (D:2)
  3 orcs (D:3)
  3 goblins
  6 hobgoblins
  A quokka (D:3)
  2 ball pythons (D:2)
  2 frilled lizards (D:2)
  A kobold (D:2)
21 creatures vanquished.

Vanquished Creatures (others)
  A battlemage (D:3)
  5 toadstools (D:1)
6 creatures vanquished.

Grand Total: 60 creatures vanquished

Notes
Turn   | Place    | Note
-------+----------+-------------------------------------------
     0 | D:1      | enile the Meteoran Wanderer began the quest for the Orb.
     0 | D:1      | enile set off with the following items: a +0 quarterstaff,
                  | 4 throwing nets, a +0 leather armour, a potion of
                  | attraction, a potion of might
     0 | D:1      | Reached XP level 1. HP: 16/16 MP: 2/2
   159 | D:1      | Reached XP level 2. HP: 24/24 MP: 3/3
   181 | D:1      | Found a faded altar of an unknown god.
   231 | D:1      | Prayed at the altar of an unknown god.
   231 | D:1      | Became a worshipper of Hepliaklqana the Forgotten
   231 | D:1      | Reached * piety under Hepliaklqana
   490 | D:1      | Glimpsed the power of Zot.
   537 | D:2      | Reached XP level 3. HP: 26/27 MP: 4/4
   575 | D:2      | Reached ** piety under Hepliaklqana
   580 | D:2      | Remembered your ancestor Kendra as a battlemage
   701 | D:2      | Reached XP level 4. HP: 36/36 MP: 5/5
  1059 | D:2      | Reached skill level 1 in Invocations
  1087 | D:2      | Glimpsed the power of Zot.
  1297 | D:3      | Reached XP level 5. HP: 32/41 MP: 7/7
  1396 | D:3      | Killed from afar by an orc priest

Illustrated notes

Levels and vault maps discovered:
D:1:      lightli_arrival_statuegarden, layout_basic,
          chequers_ecumenical_altar_island, minmay_gold_behind_fungi,
          minmay_strange_pillars, chequers_garden,
          nicolae_concentric_dashed_squares_mild
D:2:      layout_loops_cross, minivault_26, chequers_serial_rivers_small_b
D:3:      corexii_shack_village, layout_basic, hex_medium

Skill      XL: |  1  2  3  4  5 |
---------------+----------------+-----
Fighting       | 2 3 4 |  4.0
Invocations    | 2 3 |  3.1
Staves         | |  3.6
Armour         | |  1.2
Dodging        | |  6.0

Action                   |  1- 3 |  4- 6 || total
-------------------------+-------+-------++-------
Melee: Quarterstaff      |    46 |    41 ||    87
Throw: Dart              |       |     4 ||     4
Invok: Ancestor Life: Ba |     1 |       ||     1
  Use: Scroll            |       |     4 ||     4
       Potion            |       |     4 ||     4
 Stab: Invisible         |       |     1 ||     1
Armor: Leather armour    |    14 |     6 ||    20
       Skin              |       |    26 ||    26
Dodge: Dodged            |    31 |    28 ||    59

Table legend: (Time is in decaauts)
 A = Elapsed time spent in this place.
 B = Non-inter-level travel time spent in this place.
 C = Inter-level travel time spent in this place.
 D = Time resting spent in this place.
 E = Time spent auto-exploring this place.
 F = Levels seen in this place.
 G = Mean time per level.
                   A        B        C        D        E       F      G
               +--------+--------+--------+--------+--------+-----+--------+
         Total |   1412 |   1328 |     84 |      0 |    995 |   3 |  470.7 |
       Dungeon |   1412 |   1328 |     84 |      0 |    995 |   3 |  470.7 |
               +--------+--------+--------+--------+--------+-----+--------+

Top non-repeatable levels by time:
     D:2: 633 daAuts
     D:1: 515 daAuts
     D:3: 262 daAuts
